 Dungeon Crawl Stone Soup version 0.31-a0-1336-g7fd7ca34b5 (webtiles) character file.

Game seed: 6426062525332105771

29 senseless the Cudgeller (level 3, -2/37 HPs)
             Began as an Oni Gladiator on Dec 21, 2023.
             Was an Initiate of Gozag.
             Succumbed to an adder's poison
             ... on level 2 of the Dungeon.
             The game lasted 00:03:16 (918 turns).

senseless the Cudgeller (Oni Gladiator)              Turns: 918, Time: 00:03:17

Health: -2/37      AC:  4    Str: 20    XL:     3   Next: 16%
Magic:  3/3        EV: 10    Int:  9    God:    Gozag
Gold:   32         SH:  0    Dex: 10    Spells: 2/2 levels left

rFire   . . .        a - +0 flail
rCold   . . .        (no shield)
rNeg    . . .        b - +0 robe
rPois   .            c - +1 hat
rElec   .            (no cloak)
rCorr   .            (gloves unavailable)
SInv    .            (boots unavailable)
Will    .....        (no amulet)
Stlth   +            (no ring)
HPRegen 0.26/turn    (no ring)
MPRegen 0.08/turn

%: no passive effects
@: lethally poisoned (-2 -> -12)
A: drunken brawling, large, unfitting armour, horns 1, tough skin 1, double
potion healing
a: Renounce Religion, Potion Petition, Call Merchant, Bribe Branch


You were on level 2 of the Dungeon.
You worshipped Gozag.
Gozag was noncommittal.
You visited 1 branch of the dungeon, and saw 2 of its levels.

You collected 136 gold pieces.
You spent 104 gold pieces at shops.

Inventory:

Hand Weapons
 a - a +0 flail (weapon)
Missiles
 d - 3 throwing nets (quivered)
 e - a large rock
Armour
 b - a +0 robe (worn)
 c - a +1 hat (worn)
Scrolls
 g - 4 scrolls of identify
 i - a scroll of revelation


   Skills:
 + Level 3.3 Fighting
 + Level 3.3 Maces & Flails
 + Level 2.4 Throwing
 + Level 3.0 Dodging


You had 2 spell levels left.
You didn't know any spells.
Your spell library was empty.

Dungeon Overview and Level Annotations

Branches:
Dungeon (2/15)

Altars:
Gozag

Shops:
D:1 ?


Innate Abilities, Weirdness & Mutations

Whenever you drink a potion that restores your health or magic, you attack all enemies around you.
You are too large for most types of armour.
You have a pair of small horns on your head.
You have tough skin. (AC +1)
Whenever you drink a potion that restores your health or magic, it restores twice as much.


Message History

You barely miss the giant cockroach.
Your headbutt misses the giant cockroach.
The giant cockroach misses you.
You barely miss the giant cockroach.
Your headbutt misses the giant cockroach.
The giant cockroach bites you but does no damage. x2
You hit the giant cockroach.
You kill the giant cockroach!
You barely miss the adder.
You headbutt the adder, but do no damage.
The adder bites you.
You are poisoned.
The adder poisons you!
You hit the adder.
The adder is lightly wounded.
You feel sick. The adder barely misses you. The adder bites you.
You are more poisoned.
The adder poisons you!
You closely miss the adder.
The adder is lightly wounded.
You feel very sick.
The adder bites you but does no damage. x2
You closely miss the adder. Your headbutt misses the adder.
The adder is lightly wounded.
You feel sick. The adder bites you.
* * * LOW HITPOINT WARNING * * *
You aren't carrying any potions.
You barely miss the adder.
The adder is lightly wounded.
* * * LOW HITPOINT WARNING * * *
You feel sick. The adder bites you.
* * * LOW HITPOINT WARNING * * *
You are more poisoned.
The adder poisons you! The adder bites you.
* * * LOW HITPOINT WARNING * * *
As you read the scroll labelled ZEKUITS JAUNU, it crumbles to dust.
It is a scroll of enchant armour.
Your +0 hat glows green for a moment.
You die...
Your body crumbles into a pile of gold.

#.# #......######.####.
#.# ###'######.........
#.# ###<......#......!..
#.# #.......#.#........$
#.# #.........#........$
#.# #.........#..$......
#.# #.....Sg..#SS.......
#.# ####'#S#..#.........
##.######.#@#.gS...######
#.........#.#.S.##.#
###########.#...# .#
.......#.# #.#....#.#
#...#..#.# #.#.#..#
#...#..#


You could see an adder, a goblin and a ball python.

Vanquished Creatures
  2 dart slugs (D:1)
  3 endoplasms
  A giant cockroach (D:2)
  2 goblins
  3 hobgoblins (D:1)
  2 kobolds (D:1)
  A quokka (D:1)
  A ball python (D:1)
  4 bats
  2 frilled lizards (D:1)
  2 rats
23 creatures vanquished.

Notes
Turn   | Place    | Note
-------+----------+-------------------------------------------
     0 | D:1      | senseless the Oni Gladiator began the quest for the Orb.
     0 | D:1      | Reached XP level 1. HP: 22/22 MP: 1/1
    52 | D:1      | Found a faded altar of an unknown god.
    75 | D:1      | Prayed at the altar of an unknown god.
    75 | D:1      | Became a worshipper of Gozag Ym Sagoz the Greedy
    97 | D:1      | Gained mutation: Whenever you drink a potion that restores
                  | your health or magic, it restores twice as much. [Oni
                  | growth]
    97 | D:1      | Gained mutation: You have a pair of small horns on your
                  | head. [Oni growth]
    97 | D:1      | Gained mutation: You have tough skin. (AC +1) [Oni growth]
    97 | D:1      | Reached XP level 2. HP: 27/29 MP: 2/2
   150 | D:1      | Found Usaoz's Magic Scroll Shoppe.
   765 | D:1      | Bought a scroll of revelation for 82 gold pieces
   765 | D:1      | Bought a scroll of identify for 22 gold pieces
   788 | D:2      | Reached XP level 3. HP: 36/37 MP: 3/3
   917 | D:2      | HP: 1/37 [adder (3)]
   918 | D:2      | Succumbed to an adder's poison

Illustrated notes

Levels and vault maps discovered:
D:1:      ncdulo_smallfort, layout_loops_cross,
          chequers_ecumenical_altar_island, serial_shops, shop
D:2:      layout_basic

Skill      XL: |  1  2 |
---------------+-------+-----
Fighting       | 3 |  3.3
Dodging        | 3 |  3.0
Maces & Flails | |  3.3
Throwing       | |  2.4

Action                     || total
---------------------------++-------
  Melee: Flail             ||    85
         Headbutt          ||     6
    Use: Scroll            ||     4
   Stab: Distracted        ||     1
 Armour: Robe              ||    72
  Dodge: Dodged            ||    61

Table legend: (Time is in decaauts)
 A = Elapsed time spent in this place.
 B = Non-inter-level travel time spent in this place.
 C = Inter-level travel time spent in this place.
 D = Time resting spent in this place.
 E = Time spent auto-exploring this place.
 F = Levels seen in this place.
 G = Mean time per level.
                   A        B        C        D        E       F      G
               +--------+--------+--------+--------+--------+-----+--------+
         Total |    937 |    877 |     60 |      0 |    662 |   2 |  468.5 |
       Dungeon |    937 |    877 |     60 |      0 |    662 |   2 |  468.5 |
               +--------+--------+--------+--------+--------+-----+--------+

Top non-repeatable levels by time:
     D:1: 784 daAuts
     D:2: 152 daAuts
